 Dungeon Crawl Stone Soup version 0.31.0-32-g396128a36d (webtiles) character file.

Game seed: 8491417076460829399

4410 gohu the Fighter (level 10, -3/78 HPs)
             Began as a Djinni Fire Elementalist on Mar 14, 2024.
             Was an Initiate of Makhleb.
             Slain by a hornet (12 damage)
             ... on level 8 of the Dungeon.
             The game lasted 00:20:16 (7925 turns).

gohu the Fighter (Djinni Fire Elementalist)         Turns: 7925, Time: 00:20:16

Health: -3/78      AC:  6    Str:  7    XL:     10   Next: 62%
Gold:   602        EV: 14    Int: 26    God:    Makhleb [......] SH:  0 Dex: 14

rFire   + . .        k - staff of conjuration
rCold   . . .        (no shield)
rNeg    . . .        C - +2 robe of Tender Moments {Int+2}
rPois   ∞            v - +1 helmet
rElec   .            (no cloak)
rCorr   +            (no gloves)
SInv    .            (boots unavailable)
Will    +....        (no amulet)
Stlth   ++           D - ring of Xom's Passing Interest {rCorr MP+9 Int+3 Slay+2}
HPRegen 0.33/turn    u - ring of ice
MPRegen 0.00/turn

%: infuse magic (-4 HP)
@: flying
A: sickness immunity, fire resistance 2, cold vulnerability 1, float, innate
caster, HP casting, extra vitality 1
a: Renounce Religion


You were on level 8 of the Dungeon.
You worshipped Makhleb.
Makhleb was noncommittal.
You visited 2 branches of the dungeon, and saw 9 of its levels.

You collected 602 gold pieces.

Inventory:

Missiles
 w - a throwing net
Armour
 a - a +0 robe
 m - the +5 ring mail of Gravity {Int+4}
   (You found it on level 2 of the Dungeon)

   Int+4:     It affects your intelligence (+4).
 v - a +1 helmet (worn)
 C - the +2 robe of Tender Moments (worn) {Int+2}
   (You found it on level 6 of the Dungeon)

   Int+2:     It affects your intelligence (+2).
Magical Staves
 k - a staff of conjuration (weapon)
Jewellery
 i - a ring of resist corrosion
 j - a ring of see invisible
 u - a ring of ice (right hand)
 D - the ring of Xom's Passing Interest (left hand) {rCorr MP+9 Int+3 Slay+2}
   (You found it on level 6 of the Dungeon)

   [ring of magical power]

   Int+3:     It affects your intelligence (+3).
   Slay+2:    It affects your accuracy & damage with ranged weapons and melee
   (+2).
   MP+9:      It affects your magic capacity (+9).
   rCorr:     It protects you from acid and corrosion.
Wands
 r - a wand of flame (19)
 z - a wand of paralysis (8)
Scrolls
 c - 2 scrolls of immolation
 f - 2 scrolls of identify
 g - a scroll of enchant weapon
 p - 2 scrolls of blinking
 q - 5 scrolls of enchant armour
 t - 2 scrolls of vulnerability
 A - a scroll of fear
Potions
 b - a potion of mutation
 d - 4 potions of degeneration {unknown}
 e - 3 potions of haste {unknown}
 h - 4 potions of curing {unknown}
 l - 4 potions of heal wounds {unknown}
 n - 3 potions of lignification {unknown}
 o - 2 potions of attraction {unknown}
 B - a potion of invisibility {unknown}


   Skills:
 * Level 9.5 Fighting
 + Level 6.3 Armour
 + Level 5.1 Dodging
 - Level 1.5 Stealth
 + Level 7.2 Spellcasting
 + Level 7.2 Conjurations
 + Level 7.2 Hexes
 + Level 7.2 Summonings
 + Level 7.2 Necromancy
 + Level 7.2 Translocations
 + Level 7.2 Fire Magic
 + Level 7.2 Ice Magic
 + Level 7.2 Air Magic
 + Level 7.2 Earth Magic
 + Level 7.2 Alchemy


You knew the following spells:

 Your Spells              Type           Power      Damage    Failure   Level
a - Foxfire               Conj/Fire      100%       2x1d9     1%          1
b - Scorch                Fire           94%        2d8       1%          2
c - Flame Wave            Conj/Fire      63%        2d15      3%          4
d - Inner Flame           Hex/Fire       47%        N/A       1%          3
e - Volatile Blastmotes   Fire/Tloc      94%        2d17      1%          3
f - Necrotise             Necr           100%       1d9       1%          1
g - Lesser Beckoning      Tloc           94%        N/A       1%          2
h - Vampiric Draining     Necr           47%        2d9       1%          3
i - Vhi's Electric Charg  Tloc/Air       94%        N/A       3%          4
Your spell library was empty.

Dungeon Overview and Level Annotations

Branches:
Dungeon (8/15)             Temple (1/1) D:7
   Lair: D:8-11

Altars:
Ashenzari
Cheibriados
Dithmenos
Elyvilon
Fedhas
Gozag
Hepliaklqana
Makhleb
Okawaru
Qazlal
Ru
Trog
Uskayaw
Wu Jian
Xom
Zin
The Shining One

Annotations:
D:5 1 runed translucent door, Crazy Yiuf


Innate Abilities, Weirdness & Mutations

You are immune to sickness and miasma.
You are immune to poison.
Your flesh is very heat resistant. (rF++)
You are vulnerable to cold. (rC-)
You float through the air rather than walking.
You learn spells naturally, not from books.
Your magical power is your life essence.
You have superior vitality. (+4 MHP)


Message History

You feel a surge of power!
You conjure some foxfire!
The water moccasin hisses angrily.
* * * LOW HITPOINT WARNING * * *
The foxfire hits the water moccasin but does no damage.
A hornet comes into view.
The foxfire hits the water moccasin.
The water moccasin is lightly wounded.
You hear the faint creaking of a very distant portcullis.
Casting: Foxfire (safe; 1% risk of failure)
Confirm with . or Enter, or press ? or * to list all spells.
You feel a surge of power!
You conjure some foxfire!
The foxfire hits the water moccasin.
The water moccasin is moderately wounded.
The foxfire hits the water moccasin.
The water moccasin is moderately wounded.
The water moccasin barely misses you.
Casting: Foxfire (safe; 1% risk of failure)
Confirm with . or Enter, or press ? or * to list all spells.
Casting: Flame Wave (dangerous; 3% risk of failure)
Press: ? - help, Dir - look around, f - activate You feel a surge of power!
A wave of flame ripples out!
The flame wave engulfs the water moccasin!
The water moccasin is almost dead. (Press . to intensify the flame waves.)
* * * LOW HITPOINT WARNING * * *
The water moccasin bites you.
* * * LOW HITPOINT WARNING * * *
The water moccasin bites you.
* * * LOW HITPOINT WARNING * * *
The hornet stings you.
* * * LOW HITPOINT WARNING * * *
A wave of flame ripples out!
The flame wave engulfs the water moccasin!!
You kill the water moccasin!
Makhleb accepts your kill.
The flame wave engulfs the hornet!!
The hornet is severely wounded.
* * * LOW HITPOINT WARNING * * *
The hornet stings you!
You die...

#.......<..# ............#
.... ##'###.....#
...##.......# ..#
#...#.....#######.......#
+#
#...#.....#........)....# .
#...#.....#.........#####..
#...#.....#.........# ....
#...#.....#.........# .....
#...+.....#.....y...#......
#...#.....#....@....'......
#...# #..######.#......
##### # ### #..#. ##


You could see a hornet.

Vanquished Creatures
  A boulder beetle (D:8)
  Grinder (D:3)
  Sigmund (D:2)
  Eustachio (D:5)
  Edmund (D:5)
  An acid dragon (D:7)
  A water moccasin (D:8)
  4 ice beasts
  4 sky beasts
  3 ogres
  A centaur (D:7)
  4 phantoms
  2 bullfrogs
  2 scorpions
  10 wights (D:7)
  4 howler monkeys
  2 bombardier beetles (D:5)
  4 jellies
  4 hounds
  2 orc priests
  5 iguanas
  Ijyb (D:3)
  3 orc wizards
  3 gnolls (D:4)
  8 adders
  A shadow imp (D:8)
  A white imp (D:5)
  4 ufetubi
  5 dart slugs
  11 orcs
  7 ball pythons
  7 endoplasms
  4 giant cockroaches
  8 goblins
  11 hobgoblins
  A jackal (D:5)
  10 kobolds
  4 quokkas
  6 bats
  3 frilled lizards
  7 rats
163 creatures vanquished.

Vanquished Creatures (others)
  430 foxfires
430 creatures vanquished.

Grand Total: 593 creatures vanquished

Notes
Turn   | Place    | Note
-------+----------+-------------------------------------------
     0 | D:1      | gohu the Djinni Fire Elementalist began the quest for the
                  | Orb.
     0 | D:1      | gohu set off with the following spells memorised: Foxfire,
                  | Scorch, Volatile Blastmotes, Inner Flame, Flame Wave.
     0 | D:1      | Reached XP level 1. HP: 15/15 MP: 0/0
   111 | D:1      | Reached XP level 2. HP: 20/21 MP: 0/0
   383 | D:1      | Reached XP level 3. HP: 22/25 MP: 0/0
   383 | D:1      | Learned a level 1 spell: Necrotise
   760 | D:2      | Reached XP level 4. HP: 25/31 MP: 0/0
   812 | D:2      | Identified the +5 ring mail of Gravity {Int+4}
   841 | D:2      | Identified the +3 leather armour "Cieqen" {rElec rC++ rN+
                  | Int-2}
   965 | D:2      | Noticed Sigmund
   984 | D:2      | Killed Sigmund
   985 | D:2      | Reached skill level 5 in Spellcasting
   985 | D:2      | Reached skill level 5 in Conjurations
   985 | D:2      | Reached skill level 5 in Hexes
   985 | D:2      | Reached skill level 5 in Summonings
   985 | D:2      | Reached skill level 5 in Necromancy
   985 | D:2      | Reached skill level 5 in Translocations
   985 | D:2      | Reached skill level 5 in Fire Magic
   985 | D:2      | Reached skill level 5 in Ice Magic
   985 | D:2      | Reached skill level 5 in Air Magic
   985 | D:2      | Reached skill level 5 in Earth Magic
   985 | D:2      | Reached skill level 5 in Alchemy
   985 | D:2      | Reached XP level 5. HP: 17/35 MP: 0/0
   985 | D:2      | Learned a level 2 spell: Lesser Beckoning
   985 | D:2      | Reached XP level 6. HP: 20/40 MP: 0/0
  1508 | D:3      | Noticed Grinder
  1512 | D:3      | Paralysed by Grinder for 2 turns
  1523 | D:3      | Killed Grinder
  1524 | D:3      | Reached skill level 2 in Fighting
  1524 | D:3      | Reached skill level 1 in Armour
  1524 | D:3      | Reached XP level 7. HP: 26/49 MP: 0/0
  1524 | D:3      | Learned a level 3 spell: Vampiric Draining
  1646 | D:3      | Noticed Ijyb
  1665 | D:3      | Killed Ijyb
  2908 | D:4      | Reached skill level 3 in Fighting
  3040 | D:4      | Found an iron altar of Okawaru.
  3574 | D:5      | Entered Level 5 of the Dungeon
  3615 | D:5      | Noticed Eustachio
  3652 | D:5      | Killed Eustachio
  3653 | D:5      | Reached skill level 4 in Fighting
  3653 | D:5      | Reached XP level 8. HP: 28/58 MP: 0/0
  4110 | D:5      | Reached skill level 5 in Fighting
  4429 | D:5      | Identified the +1 helmet of the Slug {-Cast rN+ Will+
                  | rCorr}
  4729 | D:5      | Found a runed translucent door.
  4730 | D:5      | Noticed Crazy Yiuf
  4927 | D:5      | Reached skill level 6 in Fighting
  4927 | D:5      | Reached XP level 9. HP: 53/66 MP: 0/0
  4927 | D:5      | Learned a level 4 spell: Vhi's Electric Charge
  5127 | D:5      | Noticed Edmund
  5153 | D:5      | Killed Edmund
  5419 | D:6      | Reached skill level 7 in Fighting
  5640 | D:6      | Identified the +2 robe of Tender Moments {Int+2}
  5966 | D:6      | Found an ornate altar of the Wu Jian Council.
  6158 | D:6      | Identified the ring of Xom's Passing Interest {rCorr MP+9
                  | Int+3 Slay+2}
  6470 | D:7      | Reached skill level 5 in Armour
  6750 | D:7      | Found an opulent altar of Gozag.
  6768 | D:7      | Reached skill level 8 in Fighting
  6800 | D:7      | Reached XP level 10. HP: 54/76 MP: 0/0
  7032 | D:7      | Found a staircase to the Ecumenical Temple.
  7039 | Temple   | Entered the Ecumenical Temple
  7072 | Temple   | Became a worshipper of Makhleb the Destroyer
  7351 | D:7      | Found a shadowy altar of Dithmenos.
  7480 | D:7      | Reached skill level 9 in Fighting
  7583 | D:7      | Found a white marble altar of Elyvilon.
  7586 | D:7      | Found a hide-covered altar of Uskayaw.
  7637 | D:7      | Found a broken altar of Ashenzari.
  7828 | D:8      | Noticed a boulder beetle
  7867 | D:8      | Killed a boulder beetle
  7868 | D:8      | Reached skill level 5 in Dodging
  7925 | D:8      | Slain by a hornet

Illustrated notes

Levels and vault maps discovered:
D:1:      erik_arrival_blinker_ship, layout_rooms, serial_corexii_hall,
          corexii_hall_statues_l, corexii_hall_statues_t
D:2:      layout_basic, uniq_sigmund
D:3:      layout_basic, uniq_ijyb, uniq_grinder
D:4:      layout_cave_pods, okawaru_trees_1
D:5:      minmay_thinvault, layout_loops_cross, uniq_crazy_yiuf_cottage,
          uniq_eustachio, uniq_edmund
D:6:      layout_gridville, kennysheep_little_box, amcnicky_altar_gilded
D:7:      layout_basic, mainiacjoe_overflow_cross_hatched, lemuel_doored_altar,
          jmf_multi_god_temple2, nicolae_dithmenos_through_a_glass_darkly,
          minmay_temple_entry_wispy
D:8:      minmay_the_grid_octo_triangle [minmay_the_grid_octo_fat_diamond,
          minmay_the_grid_octo_prize_star, minmay_the_grid_octo_odd_swirl],
          layout_gridville, enter_bailey_5, minmay_between
Temple:   nicolae_temple_godzebo

Skill      XL: |  1  2  3  4  5  6  7  8  9 10 |
---------------+-------------------------------+-----
Spellcasting   | 4 5 6 7 |  7.2
Conjurations   | 4 5 6 7 |  7.2
Hexes          | 4 5 6 7 |  7.2
Summonings     | 4 5 6 7 |  7.2
Necromancy     | 4 5 6 7 |  7.2
Translocations | 4 5 6 7 |  7.2
Fire Magic     | 4 5 6 7 |  7.2
Ice Magic      | 4 5 6 7 |  7.2
Air Magic      | 4 5 6 7 |  7.2
Earth Magic    | 4 5 6 7 |  7.2
Alchemy        | 4 5 6 7 |  7.2
Fighting       | 2 4 6 8 9 |  9.5
Armour         | 1 2 4 5 6 |  6.3
Dodging        | 3 5 |  5.1
Stealth        | |  1.5

Action                     |  1- 3 |  4- 6 |  7- 9 | 10-12 || total
---------------------------+-------+-------+-------+-------++-------
  Melee: Staff             |       |       |     1 |       ||     1
   Cast: Foxfire           |    58 |    25 |   136 |    35 ||   254
         Scorch            |     1 |     3 |    30 |     1 ||    35
         Volatile Blastmot |       |     5 |    24 |    10 ||    39
         Flame Wave        |       |       |    16 |     9 ||    25
         Vhi's Electric Ch |       |       |     1 |       ||     1
  Evoke: Wand              |       |       |       |     2 ||     2
    Use: Scroll            |       |       |       |    11 ||    11
 Armour: Robe              |     5 |     2 |    30 |    22 ||    59
  Dodge: Dodged            |     1 |     3 |    24 |    14 ||    42
